 Dungeon Sprint DCSS version 0.02-122-g12e50fee3c (webtiles) character file.

Game seed: 9744995359457994761, levelgen mode: deterministic

502 lorenzova the Thaumaturge (level 6, -6/32 HPs) Deep Elf Fire Elementalist. Began on Oct 6, 2020. Was an Initiate of Qazlal. Mangled by Sonja ... wielding a +1 short sword of distortion (7 damage) ... in the Dungeon (Sprint I: "Red Sonja"). The game lasted 00:02:13 (369 turns).

lorenzova the Thaumaturge (DEFE)                     Turns: 369, Time: 00:02:13

Health: -6/32      AC:  2    Str:  5    XL:     6 ^: 15
Magic:  24/24      EV: 13    Int: 22    God:    Qazlal [0* [15]]
Gold:   314        SH:  0    Dex: 15    Spells: 21/31 levels left

rFire    . . .     Vision   .   j - +0 scythe
rCold    . . .     Gourm    .   (also wielding the above weapon)
rNeg     . . .     Faith    .   a - +0 robe
rPois    .         Spirit   .   (no helmet)
rElec    .         Reflect  .   (no cloak)
rCorr    .         Harm     .   (no gloves)
MR       .....     NoTele   +   (no boots)
Stlth    ++........             (no amulet)
HPRegen  0.20/turn              (no ring)
MPRegen  0.34/turn              (no ring)

@: lethally poisoned (-6 -> -13), berserk cooldown, slowed, very slow
A: no striking features
a: Renounce Religion


You were in the Dungeon.
You worshipped Qazlal.
Qazlal was noncommittal.
You were not hungry.

You visited 1 branch You collected 314 gold pieces.

Inventory:

Weapons
 j - a +0 scythe (weapon)
Armour
 a - a +0 robe (worn)
Wands
 b - a wand of ensnaring (1)
Scrolls
 i - a scroll of blinking
 k - a scroll of enchantment
Potions
 d - a potion of curing
 e - a potion of heal wounds
 f - a potion of haste
 g - 2 potions of magic
 h - a potion of berserk rage
Comestibles
 c - a ration


   Skills:
 - Level 2.4 Dodging
 - Level 2.4 Stealth
 + Level 13.4 Spellcasting
 + Level 11.7 Fire Magic


You had 21 spell levels left.
You knew the following spells:

 Your Spells              Type           Power        Failure   Level  Hunger
a - Foxfire               Fire           25 (25)      1%          1    None
b - Searing Ray           Fire           50 (50)      1%          2    None
c - Conjure Flame         Fire           61 (100)     1%          3    None
s - Sticky Flame          Fire/Pois      40 (100)     3%          4    None

Your spell library contained the following spells:

 Spells                   Type           Power        Failure   Level  Hunger
 Inner Flame              Hex/Fire       40 (100)     1%          3    None
 Fireball                 Fire           61 (200)     1%          5    ###....


Dungeon Overview and Level Annotations

Branches:
Dungeon (1/1)

Altars:
Cheibriados
Dithmenos
Elyvilon
Fedhas Madash
Gozag Ym Sagoz
Hepliaklqana
Kikubaaqudgha
Nemelex Xobeh
Okawaru
Qazlal
Ru
Sif Muna
Trog
Uskayaw
Vehumet
Wu Jian
Yredelemnul
Zin
The Shining One

Shops:
D =

Annotations:
D Sonja


Message History

* * * LOW HITPOINT WARNING * * *
Space bends around you.
* * * LOW HITPOINT WARNING * * *
Sonja blocks your attack.
* * * LOW HITPOINT WARNING * * *
You feel sick.
Sonja launches a curare-tipped needle.
* * * LOW HITPOINT WARNING * * *
You feel sick.
There is an ornate altar of the Wu Jian Council here.
You feel a strong urge to attack something.
You are no longer berserk.
You are exhausted.
You feel as though you will be slow longer.
* * * LOW HITPOINT WARNING * * *
You feel sick.
Sonja shouts, "Hah!
Missed me again!"
* * * LOW HITPOINT WARNING * * *
You feel sick. Sonja closely misses you (0).
Sonja hits you with a +1 short sword of distortion (7)!
You die...

################
#<.#..').#..'..#
#..'..#..'[.#..+
#.†#####'#####K#
#..####..#...#@#
#..#__####..##.#
#..#_____##'#_.+
#⌠⌠#_.∩...†..._#
####_..__##_.#+#
#_____###'#
####### #.#
+$.$+ #$.$#


You could see Sonja.

Vanquished Creatures
  Sigmund (D)
  A yak (D)
  An ogre (D)
  Ijyb (D)
  A jelly (D)
5 creatures vanquished.

Vanquished Creatures (others)
  7 foxfires (D)
7 creatures vanquished.

Grand Total: 12 creatures vanquished

Notes
Turn   | Place    | Note
-------+----------+-------------------------------------------
     0 | D        | lorenzova the Deep Elf Fire Elementalist began the quest
                  | for the Orb.
     0 | D        | Reached XP level 1. HP: 10/10 MP: 6/6
     1 | D        | Noticed Ijyb
     9 | D        | Killed Ijyb
     9 | D        | Reached skill level 8 in Spellcasting
     9 | D        | Reached XP level 2. HP: 15/15 MP: 3/13
     9 | D        | Reached XP level 3. HP: 19/19 MP: 3/14
     9 | D        | Reached XP level 4. HP: 24/24 MP: 3/16
    64 | D        | Learned a level 2 spell: Searing Ray
    68 | D        | Learned a level 3 spell: Conjure Flame
    73 | D        | Learned a level 4 spell: Sticky Flame
    75 | D        | Noticed an ogre
    80 | D        | Killed an ogre
    80 | D        | Reached skill level 10 in Spellcasting
    80 | D        | Reached XP level 5. HP: 28/28 MP: 10/19
   127 | D        | Noticed Sigmund
   132 | D        | Killed Sigmund
   132 | D        | Reached skill level 12 in Spellcasting
   132 | D        | Reached skill level 10 in Fire Magic
   132 | D        | Reached XP level 6. HP: 30/32 MP: 14/23
   179 | D        | Found an ornate altar of the Wu Jian Council.
   179 | D        | Found a shimmering blue altar of Sif Muna.
   298 | D        | Found a radiant altar of Vehumet.
   307 | D        | Found Guffazxaji's Jewellery Emporium.
   307 | D        | Found an ancient bone altar of Kikubaaqudgha.
   307 | D        | Found a hazy altar of Hepliaklqana.
   307 | D        | Found a stormy altar of Qazlal.
   307 | D        | Found a hide-covered altar of Uskayaw.
   307 | D        | Found a blossoming altar of Fedhas.
   307 | D        | Found a bloodstained altar of Trog.
   307 | D        | Found an iron altar of Okawaru.
   307 | D        | Found a basalt altar of Yredelemnul.
   307 | D        | Found a glowing golden altar of the Shining One.
   307 | D        | Found a snail-covered altar of Cheibriados.
   307 | D        | Found a sacrificial altar of Ru.
   307 | D        | Found a glowing silver altar of Zin.
   307 | D        | Found a shadowy altar of Dithmenos.
   307 | D        | Found a white marble altar of Elyvilon.
   307 | D        | Noticed a yak
   310 | D        | Killed a yak
   310 | D        | Reached skill level 13 in Spellcasting
   319 | D        | Found an opulent altar of Gozag.
   333 | D        | Found a sparkling altar of Nemelex Xobeh.
   353 | D        | Became a worshipper of Qazlal Stormbringer
   360 | D        | Noticed Sonja
   369 | D        | HP: 1/32 [poisoned by Sonja (curare-tipped needle)]
   369 | D        | Mangled by Sonja

Levels and vault maps discovered:
D:        dungeon_sprint_1 [red_sonja_temple_1, red_sonja_temple_small_1]

Skill      XL: |  1  2  3  4  5  6 |
---------------+-------------------+-----
Spellcasting   | 8 10 12 13 | 13.4
Fire Magic     | 7 8 10 11 | 11.7
Dodging        | |  2.4
Stealth        | |  2.4

Action                   |  1- 3 |  4- 6 || total
-------------------------+-------+-------++-------
Melee: Scythe            |       |     3 ||     3
 Cast: Foxfire           |     4 |       ||     4
       Conjure Flame     |       |     5 ||     5
       Searing Ray       |       |     2 ||     2
Armor: Robe              |       |     1 ||     1
Dodge: Dodged            |     3 |     6 ||     9
